 Dungeon Crawl Stone Soup version 0.31-a0-210-gccc998df9b (webtiles) character file.

Game seed: 10359820393784320433

98 qw the Shooter (level 4, -8/36 HPs)
             Began as a Minotaur Hexslinger on June 30, 2023.
             Killed from afar by Ijyb (15 damage)
             ... with a bolt of acid
             ... on level 3 of the Dungeon.
             The game lasted 00:00:46 (1326 turns).

qw the Shooter (Minotaur Hexslinger)                Turns: 1326, Time: 00:00:46

Health: -8/36      AC:  3    Str: 12    XL:     4   Next: 43%
Magic:  0/4        EV: 12    Int: 10    God:
Gold:   182        SH:  0    Dex: 15    Spells: 4/5 levels left

rFire   . . .        Y - +1 sling (flame)
rCold   . . .        (no shield)
rNeg    + . .        c - +0 leather armour of Getatsil {rN+}
rPois   .            l - +1 hat
rElec   .            (no cloak)
rCorr   .            (no gloves)
SInv    .            g - +2 pair of boots
Will    .....        b - amulet of guardian spirit
Stlth   +            (no ring)
HPRegen 0.26/turn    (no ring)
MPRegen 0.09/turn

%: guardian spirit
@: corroded
A: horns 2, retaliatory headbutt
a: no special abilities


You were on level 3 of the Dungeon.
You visited 1 branch of the dungeon, and saw 3 of its levels.

You collected 182 gold pieces.


Innate Abilities, Weirdness & Mutations

You have a pair of horns on your head.
You reflexively headbutt those who attack you in melee.


   Skills:
 + Level 2.0 Fighting
 - Level 5.0 Ranged Weapons
 - Level 2.1 Dodging
 - Level 1.0 Spellcasting
 - Level 2.0 Hexes


You had 4 spell levels left.
You knew the following spells:

 Your Spells              Type           Power      Damage    Failure   Level
a - Slow                  Hex            16%        N/A       19%         1

Your spell library contained the following spells:

 Spells                   Type           Power      Damage    Failure   Level
 Inner Flame              Hex/Fire       2%         N/A       65%         3
 Portal Projectile        Hex/Tloc       4%         N/A       65%         3
 Cause Fear               Hex            2%         N/A       88%         4

Inventory:

Hand Weapons
 Y - a +1 sling of flaming (weapon)
Armour
 c - the +0 leather armour of Getatsil (worn) {rN+}
   (You found it on level 2 of the Dungeon)

   rN:        It protects you from negative energy.
 g - a +2 pair of boots (worn)
 j - a +0 ring mail
 l - a +1 hat (worn)
Jewellery
 b - an amulet of guardian spirit (around neck)
Scrolls
 a - 2 scrolls of identify
 e - a scroll of summoning {unknown}
 m - a scroll of vulnerability {unknown}
 o - a scroll of blinking {unknown}
Potions
 d - a potion of might
 f - a potion of heal wounds
 h - a potion of haste
 i - a potion of enlightenment
 k - a potion of curing
 n - 2 potions of lignification {unknown}

Dungeon Overview and Level Annotations

Branches:
Dungeon (3/15)

Altars:

Annotations:
D:3 Ijyb, Robin


Message History

The sling bullet hits the hobgoblin but does no damage.
The hobgoblin shouts!
Ijyb the Twisted Goblin comes into view.
She is wielding a +2 dagger of venom and carrying a wand of acid (6).
A goblin comes into view. It is wielding a +0 dagger.
You shoot a sling bullet. The goblin shouts!
Ijyb shouts!
The sling bullet hits the hobgoblin!
The sling bullet burns the hobgoblin.
You kill the hobgoblin!
Robin of the Strong Arm comes into view.
They are wielding a +0 spear.
A hobgoblin comes into view.
Your Ranged Weapons skill increases to level 5!
You shoot a sling bullet. The sling bullet closely misses Ijyb.
The sling bullet hits the hobgoblin.
The sling bullet burns the hobgoblin.
You kill the hobgoblin!
Robin roars a battlecry!
The goblins go into a battle-frenzy!
You shoot a sling bullet. The sling bullet barely misses Ijyb.
A hobgoblin comes into view.
You shoot a sling bullet. The hobgoblin shouts!
The sling bullet hits Ijyb.
The sling bullet burns Ijyb.
Ijyb is lightly wounded.
Ijyb zaps a wand.
The bolt of acid hits you! The acid corrodes you!
You shoot a sling bullet.
The sling bullet hits the goblin but does no damage.
You shoot a sling bullet.
The sling bullet closely misses the goblin.
The sling bullet hits Robin but does no damage.
The goblin hits you but does no damage.
A worm comes into view.
You shoot a sling bullet. The sling bullet hits Ijyb.
The sling bullet burns Ijyb.
Ijyb is heavily wounded.
The goblin hits you with a +0 dagger.
Ijyb zaps a wand.
The bolt of acid hits you!
You shoot a sling bullet.
The sling bullet completely misses Ijyb.
Robin hits you from afar with a +0 spear.
Ijyb zaps a wand.
The bolt of acid hits you!
You die...

#...##.##.## ...
#.##.##.####.......%.w
###...................)..
#.......................?
..###.##.#..##.........#...
####..#....###.....g...#...
.>...##..#........g.......
.#...##.######..g.......#
#.####.# #..@g......# ##.#
#.# ##.........#
...####.#### #.........#
.####.[....# #.........# .#
#......# #####.##### ##
#......########.#######
#####......##..............
............).###########.#
#####......####


You could see Ijyb (strong), a worm, Robin, a hobgoblin (strong) and a goblin
(strong).

Vanquished Creatures
  3 adders (D:2)
  2 worms (D:2)
  3 dart slugs
  6 endoplasms
  4 giant cockroaches
  4 goblins
  8 hobgoblins
  3 jackals (D:1)
  4 ball pythons
  9 bats
  2 frilled lizards (D:1)
  6 kobolds
  3 rats
57 creatures vanquished.

Notes
Turn   | Place    | Note
-------+----------+-------------------------------------------
     0 | D:1      | qw the Minotaur Hexslinger began the quest for the Orb.
     0 | D:1      | Reached XP level 1. HP: 16/16 MP: 1/1
     0 | D:1      | 0 ||| qw: Version: 0.3-a-26-gee661ec
     0 | D:1      | 0 ||| qw: Game counter: 7175
     0 | D:1      | 0 ||| qw: Melee chars always use a shield: true
     0 | D:1      | 0 ||| qw: God list: Okawaru
     0 | D:1      | 0 ||| qw: Allow faded altars: false
     0 | D:1      | 0 ||| qw: Do Orc after clearing Dungeon:15 true
     0 | D:1      | 0 ||| qw: Do second Lair branch before Depths: true
     0 | D:1      | 0 ||| qw: Lair rune preference: random
     0 | D:1      | 0 ||| qw: Goals: Normal
     0 | D:1      | 0 ||| PLANNING D:1-11
    18 | D:1      | 18 ||| FLEEEEING.
    19 | D:1      | 19 ||| FLEEEEING.
    20 | D:1      | 20 ||| FLEEEEING.
    21 | D:1      | 21 ||| FLEEEEING.
    22 | D:1      | 22 ||| FLEEEEING.
    23 | D:1      | 23 ||| FLEEEEING.
    26 | D:1      | Reached skill level 3 in Ranged Weapons
    53 | D:1      | Reached XP level 2. HP: 23/23 MP: 2/2
   257 | D:1      | Reached XP level 3. HP: 29/29 MP: 3/3
   542 | D:1      | 542 ||| UPGRADING to +0 leather armour.
   552 | D:1      | 552 ||| DROPPING +0 robe.
   553 | D:1      | 553 ||| UPGRADING to +2 pair of boots.
   558 | D:1      | 558 ||| UPGRADING to +1 hat.
   563 | D:1      | 563 ||| READING 3 scrolls labelled FIDEIN XAGABB.
   564 | D:1      | 564 ||| READING scroll labelled MEMOEV RONK.
   565 | D:1      | 565 ||| DRINKING 2 red potions.
   566 | D:1      | 566 ||| DRINKING 2 emerald potions.
   567 | D:1      | 567 ||| READING 2 scrolls of identify.
   567 | D:1      | 567 ||| IDENTIFYING grey potion
   568 | D:1      | 568 ||| DROPPING scroll of poison.
   631 | D:2      | Reached skill level 4 in Ranged Weapons
   723 | D:2      | Reached XP level 4. HP: 13/36 MP: 4/4
   877 | D:2      | Identified the +0 leather armour of Getatsil {rN+}
  1144 | D:2      | 1144 ||| UPGRADING to +0 leather armour of Getatsil {rN+}.
  1154 | D:2      | 1154 ||| DROPPING +0 leather armour.
  1155 | D:2      | 1155 ||| UPGRADING to amulet of guardian spirit.
  1160 | D:2      | 1160 ||| READING scroll labelled KOEMNADAMI.
  1165 | D:2      | 1165 ||| READING scroll labelled APELON TERCHEUD.
  1166 | D:2      | 1166 ||| READING scroll labelled JIWNIS CEISM.
  1167 | D:2      | 1167 ||| DRINKING 2 dark potions.
  1168 | D:2      | 1168 ||| READING 3 scrolls of identify.
  1168 | D:2      | 1168 ||| IDENTIFYING coppery potion
  1169 | D:2      | 1169 ||| READING 2 scrolls of identify.
  1169 | D:2      | 1169 ||| IDENTIFYING clear potion
  1170 | D:2      | 1170 ||| DROPPING potion of brilliance.
  1318 | D:3      | Noticed Ijyb
  1319 | D:3      | Noticed Robin
  1320 | D:3      | Reached skill level 5 in Ranged Weapons
  1326 | D:3      | HP: 7/36 [Robin/+0 spear (4)]
  1326 | D:3      | Killed from afar by Ijyb

Levels and vault maps discovered:
D:1:      wander_arrival_desolate, layout_rooms, minmay_small_reverse_x
D:2:      layout_basic
D:3:      layout_rooms, nicolae_goblin_pals

Skill      XL: |  1  2  3  4 |
---------------+-------------+-----
Ranged Weapons | 3 4 5 |  5.0
Fighting       | 2 |  2.0
Dodging        | |  2.1
Spellcasting   | |  1.0
Hexes          | |  2.0

Action                     |  1- 3 |  4- 6 || total
---------------------------+-------+-------++-------
   Fire: Sling             |   120 |    55 ||   175
    Use: Scroll            |     3 |     5 ||     8
         Potion            |     2 |     1 ||     3
 Armour: Robe              |    13 |       ||    13
         Leather armour    |    13 |     2 ||    15
  Dodge: Dodged            |    40 |       ||    40

Table legend:
 A = Non-vault XP
 B = Vault XP
 C = Vault XP percentage of total XP
 D = Non-vault monster count
 E = Vault monster count
 F = Vault count percentage of total count
                 A         B        C        D         E       F
            +---------+---------+-------+---------+---------+-------
      Total |     130 |      10 |   7.1 |      50 |       7 |  12.3
            +---------+---------+-------+---------+---------+-------
        D:1 |      43 |       5 |  10.4 |      25 |       4 |  13.8
        D:2 |      72 |       0 |   0.0 |      18 |       0 |   0.0
        D:3 |      15 |       5 |  25.0 |       7 |       3 |  30.0
            +---------+---------+-------+---------+---------+-------
